 Dungeon Crawl Stone Soup version 0.29.0-13-gc9e81de378 (webtiles) character file.

Game seed: 3224691697443897844

4694 freelancePsychic the Basher (level 11, -2/99 HPs)
             Began as a Meteoran Hunter on Sept 10, 2022.
             Was a Believer of Ashenzari.
             Slain by a yak (10 damage)
             ... on level 1 of the Lair of Beasts.
             The game lasted 00:16:12 (2829 turns).

freelancePsychic the Basher (Meteoran Hunter)       Turns: 2829, Time: 00:16:12

Health: -2/99      AC: 11    Str: 17    XL:     11   Next: 2%
Magic:  4/4        EV:  7    Int: 10    God:    Ashenzari [**....]
Gold:   215        SH: 11    Dex: 19    Spells: 10/10 levels left

rFire   + . .      SeeInvis +   b - +2 morningstar (antimagic)
rCold   . . .      Faith    .   i - +0 kite shield of Ashenzari's Augurer {Self, Elem} (curse)
rNeg    . . .      Spirit   .   f - +0 chain mail
rPois   +          Reflect  .   (no helmet)
rElec   .          Harm     .   p - +0 cloak "Cryptic Fetters" {Bglg, Comp} (curse)
rCorr   .          Rampage  .   (no gloves)
Will    +....                   (no boots)
Stlth   ..........              (no amulet)
HPRegen 0.26/turn               E - ring of poison resistance
MPRegen 0.09/turn               w - ring "Chained With Me" {rF+, Fort, Bglg} (curse)

@: mighty, glowing
A: sense surroundings 2, otherworldly, glowing, explore regen
a: Renounce Religion, Shatter the Chains


You were on level 1 of the Lair of Beasts.
You worshipped Ashenzari.
Ashenzari was pleased with you.
You visited 2 branches of the dungeon, and saw 11 of its levels.

You collected 215 gold pieces.

Inventory:

Hand Weapons
 a - a +0 shortbow
 b - a +2 antimagic morningstar (weapon)
Missiles
 n - 5 curare-tipped darts (quivered)
 x - 8 poisoned darts
 C - 5 javelins
Armour
 c - a +0 leather armour
 f - a +0 chain mail (worn)
 i - the cursed +0 kite shield of Ashenzari's Augurer (worn) {Self, Elem}
   (You found it on level 2 of the Dungeon)

   It has a curse which improves the following skills: Introspection: Fighting
   and Spellcasting.
   Elements:  Fire Magic, Ice Magic, Air Magic and Earth Magic.
 p - the cursed +0 cloak "Cryptic Fetters" (worn) {Bglg, Comp}
   (You took it off Crazy Yiuf on level 5 of the Dungeon)

   It has a curse which improves the following skills: Beguiling: Conjurations,
   Hexes and Translocations.
   Companions: Summonings and Necromancy.
 q - a +0 plate armour
Jewellery
 w - the cursed ring "Chained With Me" (right hand) {rF+, Fort, Bglg}
   (You found it on level 7 of the Dungeon)

   [ring of protection from fire]

   rF:        It protects you from fire.
   It has a curse which improves the following skills: Fortitude: Armour and
   Shields.
   Beguiling: Conjurations, Hexes and Translocations.
 E - a ring of poison resistance (left hand)
Wands
 A - a wand of roots (1)
 D - a wand of flame (8)
Scrolls
 e - a scroll of immolation
 s - a scroll of enchant armour
 t - 2 scrolls of noise
 v - a scroll of butterflies
 y - a scroll of poison
 z - a scroll of acquirement
 B - a scroll of amnesia
Potions
 d - a potion of lignification
 j - 2 potions of degeneration
 k - a potion of brilliance
 l - 3 potions of ambrosia
 o - 2 potions of cancellation
 r - 4 potions of curing {@q1}
 u - 3 potions of flight


   Skills:
 + Level 8.5(9.8) Fighting
 * Level 13.6 Maces & Flails
 - Level 4.5 Ranged Weapons
 + Level 5.2(6.4) Armour
 - Level 2.4 Dodging
 - Level 0.6 Stealth
 - Level 6.8(8.1) Shields


You had 10 spell levels left.
You didn't know any spells.
Your spell library contained the following spells:

 Spells                   Type           Power      Damage    Failure   Level
 Beastly Appendage        Tmut           0%         N/A       100%        1
 Necrotise                Necr           0%         1d4       100%        1
 Ensorcelled Hibernation  Hex/Ice        0%         N/A       100%        2
 Wereblood                Tmut           0%         N/A       100%        2
 Portal Projectile        Hex/Tloc       0%         N/A       100%        3
 Spider Form              Tmut/Pois      0%         N/A       100%        3
 Tukima's Dance           Hex            0%         N/A       100%        3
 Vampiric Draining        Necr           0%         2d6       100%        3
 Anguish                  Hex/Necr       0%         N/A       100%        4
 Agony                    Necr           0%         N/A       100%        5
 Blade Hands              Tmut           0%         N/A       100%        5


Dungeon Overview and Level Annotations

Branches:
Dungeon (10/15) Zot: 3063  Temple (0/1) D:7            Lair (1/5) D:8 Zot: 565
    Orc: D:9-12

Altars:
Ashenzari
Nemelex Xobeh
Trog


Innate Abilities, Weirdness & Mutations

You passively map the area around you.
You are easily found by Zot.
You glow in the dark.
You regain HP and MP as you explore.


Message History

The yak gores you!
* * * LOW HITPOINT WARNING * * *
You closely miss the yak. You block the yak's attack.
The yak barely misses you. You block the yak's attack.
You feel much better. The yak barely misses you. The yak gores you. x2
You bludgeon the yak!!
The yak is heavily wounded.
The yak gores you but does no damage. The yak gores you.
The yak gores you but does no damage.
You hit the yak.
The yak is severely wounded.
The yak gores you.
* * * LOW HITPOINT WARNING * * *
The yak gores you but does no damage. x2
You puncture the yak!
The yak is almost dead.
The yak gores you.
* * * LOW HITPOINT WARNING * * *
The yak gores you.
* * * LOW HITPOINT WARNING * * *
The yak barely misses you.
You impale the yak!!
You kill the yak!
The yak barely misses you. The yak gores you.
* * * LOW HITPOINT WARNING * * *
You have reached level 11!
You bludgeon the yak!!
The yak is heavily wounded.
The yak gores you!
* * * LOW HITPOINT WARNING * * *
You block the yak's attack.
You sock the yak!
The yak is severely wounded.
The yak gores you!
* * * LOW HITPOINT WARNING * * *
You block the yak's attack.
Okay, then.
Okay, then.
You feel better. The yak gores you but does no damage. The yak gores you!
You die...

, , , , ,, ....
,, ** * * ... ,
..#** ** , ,, ,,
,..## * * , * *
...# * , ,
#########...#* ,*
, ,
........<..#### ,
* , *
.....^†YY.......
*,
#######@##......,
,,, , , ###
...S.. * , *
....[ * * ,,.....
* * * * ,.... *
,, .... * * , *
,, , * , , ,* *
** , , ,


You could see 2 yaks.

Vanquished Creatures
  A shadow (D:9)
  A wraith (D:10)
  10 yaks
  2 wyverns (D:8)
  3 basilisks (D:8)
  3 vampire mosquitoes (D:10)
  2 water moccasins
  A swamp drake (D:8)
  3 centaurs
  A phantom (D:7)
  4 kobold brigands
  A gnoll sergeant (D:6)
  A scorpion (D:7)
  2 wights (D:9)
  5 howler monkeys
  2 jellies
  3 orc priests (D:10)
  Crazy Yiuf (D:5)
  3 hounds
  A gnoll bouda (D:7)
  An iguana (D:5)
  2 orc wizards (D:10)
  14 gnolls
  4 adders
  A worm (D:4)
  A dart slug (D:2)
  3 orcs
  2 endoplasms (D:4)
  3 goblins
  2 jackals (D:3)
  19 kobolds
  2 quokkas (D:5)
  A bat (D:2)
  A frilled lizard (D:3)
  A rat (D:2)
107 creatures vanquished.

Vanquished Creatures (others)
  A plant (Lair:1)
1 creature vanquished.

Grand Total: 108 creatures vanquished

Notes
Turn   | Place    | Note
-------+----------+-------------------------------------------
     0 | D:1      | freelancePsychic the Meteoran Hunter began the quest for
                  | the Orb.
     0 | D:1      | Reached XP level 1. HP: 17/17 MP: 2/2
   184 | D:2      | Reached XP level 2. HP: 25/25 MP: 1/3
   251 | D:3      | Noticed a hound
   260 | D:3      | Killed a hound
   261 | D:3      | Reached skill level 2 in Maces & Flails
   261 | D:3      | Reached skill level 1 in Shields
   261 | D:3      | Reached XP level 3. HP: 13/30 MP: 1/4
   384 | D:3      | Reached XP level 4. HP: 32/37 MP: 1/5
   463 | D:4      | Reached skill level 3 in Maces & Flails
   463 | D:4      | Reached XP level 5. HP: 33/45 MP: 2/6
   605 | D:4      | Reached skill level 4 in Maces & Flails
   636 | D:5      | Entered Level 5 of the Dungeon
   647 | D:5      | Found a runed translucent door.
   648 | D:5      | Noticed Crazy Yiuf
   656 | D:5      | Killed Crazy Yiuf
   657 | D:5      | Reached XP level 6. HP: 51/51 MP: 2/7
   845 | D:5      | Found a broken altar of Ashenzari.
   848 | D:5      | Became a worshipper of Ashenzari the Shackled
  1034 | D:6      | Reached skill level 5 in Maces & Flails
  1074 | D:6      | Reached XP level 7. HP: 25/59 MP: 2/8
  1107 | D:6      | Reached skill level 6 in Maces & Flails
  1319 | D:7      | Reached * piety under Ashenzari
  1375 | D:7      | Reached skill level 7 in Maces & Flails
  1375 | D:7      | Reached XP level 8. HP: 63/67 MP: 3/9
  1398 | D:7      | Reached skill level 5 in Fighting
  1514 | D:8      | Reached skill level 8 in Maces & Flails
  1514 | D:8      | Reached skill level 5 in Shields
  1594 | D:8      | Reached ** piety under Ashenzari
  1595 | D:8      | Identified a scroll of acquirement
  1637 | D:8      | Noticed a wyvern
  1646 | D:8      | Killed a wyvern
  1647 | D:8      | Reached skill level 9 in Maces & Flails
  1647 | D:8      | Gained mutation: You passively map the area around you.
                  | [Meteoran growth]
  1647 | D:8      | Reached XP level 9. HP: 48/75 MP: 3/10
  1728 | D:8      | Reached skill level 10 in Maces & Flails
  1809 | D:8      | Found a staircase to the Lair.
  2037 | D:9      | Reached skill level 11 in Maces & Flails
  2056 | D:9      | Reached skill level 1 in Armour
  2104 | D:9      | Reached XP level 10. HP: 36/86 MP: 3/11
  2163 | D:10     | Entered Level 10 of the Dungeon
  2169 | D:10     | Found a bloodstained altar of Trog.
  2364 | D:10     | Reached skill level 12 in Maces & Flails
  2435 | D:10     | Found a sparkling altar of Nemelex Xobeh.
  2498 | D:10     | Reached skill level 13 in Maces & Flails
  2515 | D:10     | Identified the cursed +0 cloak "Cryptic Fetters" {Bglg,
                  | Comp} (You took it off Crazy Yiuf on level 5 of the
                  | Dungeon)
  2795 | Lair:1   | Entered Level 1 of the Lair of Beasts
  2817 | Lair:1   | Reached skill level 5 in Armour
  2827 | Lair:1   | Reached XP level 11. HP: 20/99 MP: 4/12
  2828 | Lair:1   | HP: 3/99 [yak (9)]
  2829 | Lair:1   | Slain by a yak

Illustrated notes

Levels and vault maps discovered:
D:1:      minmay_arrival_plants_in_alcoves, layout_basic,
          ebering_ecumenical_altar_petrified, minmay_pentomino_u4
D:2:      layout_basic
D:3:      layout_loops_ring
D:4:      layout_basic
D:5:      layout_gridville, nicolae_wu_jian_immortal_techniques,
          kennysheep_mini_moat, nrook_loot_triangle, amcnicky_mini_pool_small,
          uniq_crazy_yiuf_cottage
D:6:      layout_rooms, grunt_temple_overflow_cloverleaf,
          kennysheep_generic_room_14
D:7:      layout_cave_pods, minmay_temple_entry_statues_fountains
D:8:      layout_basic, erik_lair_dragon
D:9:      layout_loops_ring, bh_walls_and_bars, uniq_psyche
D:10:     layout_basic, overflow_temple_1_default, david_defended_altar_orc
Lair:1:   layout_chaotic_city, st_stairs_4, nicolae_lair_lindhole,
          lemuel_fruit_tree

Skill      XL: |  1  2  3  4  5  6  7  8  9 10 |
---------------+-------------------------------+-----
Maces & Flails | 2 3 4 5 7 9 11 13 | 13.6
Shields        | 1 2 3 4 5 6 |  6.8
Fighting       | 3 4 5 7 8 |  8.5
Armour         | 1 5 |  5.2
Ranged Weapons | |  4.5
Dodging        | |  2.4
Stealth        | |  0.6

Action                   |  1- 3 |  4- 6 |  7- 9 | 10-12 || total
-------------------------+-------+-------+-------+-------++-------
Melee: Morningstar       |    34 |    98 |   181 |   109 ||   422
 Fire: Shortbow          |     3 |       |       |       ||     3
Throw: Dart              |       |       |     2 |     4 ||     6
Invok: Curse Item        |       |       |     3 |     1 ||     4
       Shatter the Chain |       |       |       |     1 ||     1
  Use: Potion            |     2 |     1 |     1 |     5 ||     9
       Scroll            |     2 |     3 |       |       ||     5
Armor: Chain mail        |    33 |    38 |   105 |    32 ||   208
       Skin              |       |       |       |    51 ||    51
Dodge: Dodged            |     3 |    16 |    24 |    22 ||    65
Block: Kite shield       |    18 |    51 |   104 |    86 ||   259
